 Dungeon Crawl Stone Soup version 0.31-a0-263-ge8cad7f256 (webtiles) character file.

Game seed: 15972073889404111444

129 qw the Shooter (level 5, -2/33 HPs)
             Began as a Gargoyle Hexslinger on July 13, 2023.
             Slain by Grinder (6 damage)
             ... on level 3 of the Dungeon.
             The game lasted 00:00:59 (1714 turns).

qw the Shooter (Gargoyle Hexslinger)                Turns: 1714, Time: 00:01:00

Health: -2/33      AC: 10    Str: 10    XL:     5   Next: 12%
Magic:  6/6        EV: 11    Int: 18    God:
Gold:   78         SH:  0    Dex: 13    Spells: 5/6 levels left

rFire   . . .        Y - +1 sling
rCold   . . .        (no shield)
rNeg    + . .        i - +2 leather armour {rPois}
rPois   inf          b - +0 helmet
rElec   +            (no cloak)
rCorr   .            (no gloves)
SInv    +            (no boots)
Will    .....        (no amulet)
Stlth   +            e - ring of see invisible
HPRegen 0.25/turn    (no ring)
MPRegen 0.10/turn

%: no passive effects
@: no status effects
A: sickness immunity, AC +4, negative energy resistance 1, electricity
resistance, torment resistance 1, petrification resistance, clever 1, sense
surroundings 1, robust 1, subdued magic 1
a: no special abilities


You were on level 3 of the Dungeon.
You visited 1 branch of the dungeon, and saw 3 of its levels.

You collected 78 gold pieces.


Innate Abilities, Weirdness & Mutations

You are immune to sickness and miasma.
Your stone body is resilient. (AC +4)
You are immune to poison.
You resist negative energy. (rN+)
You are resistant to electric shocks. (rElec)
You are resistant to unholy torment.
You are immune to petrification.
Your mind is acute. (Int +4, Str/Dex -1)
You passively map a small area around you.
You are robust. (+10% HP)
Your spells are a little easier to cast, but a little less powerful.


   Skills:
 - Level 2.1 Fighting
 + Level 4.8 Ranged Weapons
 - Level 1.5 Dodging
 - Level 1.0 Spellcasting
 - Level 2.6 Hexes


You had 5 spell levels left.
You knew the following spells:

 Your Spells              Type           Power      Damage    Failure   Level
a - Slow                  Hex            32%        N/A       7%          1

Your spell library contained the following spells:

 Spells                   Type           Power      Damage    Failure   Level
 Inner Flame              Hex/Fire       4%         N/A       38%         3
 Portal Projectile        Hex/Tloc       8%         N/A       38%         3
 Cause Fear               Hex            4%         N/A       61%         4

Inventory:

Hand Weapons
 Y - a +1 sling (weapon)
Armour
 b - a +0 helmet (worn)
 i - a +2 leather armour of poison resistance (worn)
Jewellery
 c - a +4 ring of protection
 e - a ring of see invisible (left hand)
Scrolls
 g - a scroll of amnesia {unknown}
 l - a scroll of revelation {unknown}
 n - a scroll of identify
Potions
 a - a potion of enlightenment {unknown}
 d - a potion of attraction {unknown}
 f - a potion of brilliance {unknown}
 h - a potion of curing
 j - 3 potions of mutation
 k - a potion of heal wounds {unknown}
 m - a potion of might {unknown}

Dungeon Overview and Level Annotations

Branches:
Dungeon (3/15)

Altars:
Vehumet

Annotations:
D:3 Grinder


Message History

You shoot a sling bullet. The sling bullet hits Grinder.
Grinder is heavily wounded.
Grinder gestures at you.
You suddenly lose the ability to move!
Grinder says, "What is the universe for?"
Grinder hits you.
Grinder says, "Don't move a muscle."
Grinder hits you. Grinder hits you.
You writhe in agony.
You can move again.
You shoot a sling bullet.
The sling bullet closely misses Grinder.
Grinder closely misses you. Grinder gestures at you.
You shrug off the repeated paralysis!
You shoot a sling bullet.
The sling bullet hits Grinder but does no damage.
Grinder is heavily wounded.
Grinder completely misses you.
You shoot a sling bullet. The sling bullet hits Grinder.
Grinder is heavily wounded.
Grinder closely misses you.
You shoot a sling bullet.
The sling bullet hits Grinder but does no damage.
Grinder is heavily wounded.
Grinder barely misses you.
You shoot a sling bullet. The sling bullet hits Grinder.
Grinder is severely wounded.
Grinder barely misses you.
Grinder blinks!
You shoot a sling bullet.
The sling bullet closely misses Grinder.
You shoot a sling bullet. The sling bullet barely misses Grinder.
Grinder gestures at you. Pain shoots through your body!
You shoot a sling bullet. The sling bullet barely misses Grinder.
You shoot a sling bullet. The sling bullet barely misses Grinder.
Grinder closely misses you.
You shoot a sling bullet. The sling bullet barely misses Grinder.
Grinder hits you.
You die...

####**
#..............##....#
....
#.####.#####.#.#####.#
#### # * #># #.#.# #.#
# # #.# #.#.# #.# ,
#,*#...# #.#.# #.# ,
#.##.##### #.#.# #.#
,.........# #(#.# #.#
#......#.###.#.# #.#
#.....5@.......# #.#
##.%...#.####### #.# *
, .......#.# #.#
####!###.#** #.# * #<*
... #.# # ... * ####.#
..... , #....# .....
#.#### #......, #.#


You could see Grinder.

Vanquished Creatures
  An orc wizard (D:3)
  Robin (D:2)
  2 adders
  A worm (D:3)
  A dart slug (D:2)
  4 orcs (D:3)
  9 ball pythons
  6 bats
  4 endoplasms
  A giant cockroach (D:2)
  13 goblins
  5 hobgoblins (D:2)
  2 jackals (D:1)
  3 kobolds
  3 quokkas
  2 frilled lizards
  3 rats
61 creatures vanquished.

Notes
Turn   | Place    | Note
-------+----------+-------------------------------------------
     0 | D:1      | qw the Gargoyle Hexslinger began the quest for the Orb.
     0 | D:1      | Reached XP level 1. HP: 12/12 MP: 2/2
     0 | D:1      | 0 ||| qw: Version: 0.3-a-52-g30416fa
     0 | D:1      | 0 ||| qw: Game counter: 7262
     0 | D:1      | 0 ||| qw: Melee chars always use a shield: true
     0 | D:1      | 0 ||| qw: God list: Okawaru
     0 | D:1      | 0 ||| qw: Allow faded altars: false
     0 | D:1      | 0 ||| qw: Do Orc after clearing Dungeon:15 true
     0 | D:1      | 0 ||| qw: Do second Lair branch before Depths: true
     0 | D:1      | 0 ||| qw: Lair rune preference: random
     0 | D:1      | 0 ||| qw: Goals: Normal
     0 | D:1      | 0 ||| PLANNING D:1-11
   150 | D:1      | Reached XP level 2. HP: 13/16 MP: 3/3
   311 | D:1      | Reached skill level 3 in Ranged Weapons
   545 | D:1      | 545 ||| UPGRADING to +0 ring mail.
   555 | D:1      | 555 ||| DROPPING +0 robe.
   556 | D:1      | 556 ||| UPGRADING to +2 leather armour of poison
                  | resistance.
   566 | D:1      | 566 ||| DROPPING +0 ring mail.
   567 | D:1      | 567 ||| UPGRADING to ring of see invisible.
   568 | D:1      | 568 ||| READING scroll labelled QAELAZIFOO.
   569 | D:1      | 569 ||| READING scroll labelled VORIEH YHEWK.
   570 | D:1      | 570 ||| DRINKING 2 brown potions.
   571 | D:1      | 571 ||| DRINKING 2 viscous puce potions.
   571 | D:1      | Gained mutation: Your mind is acute. (Int +4, Str/Dex -1)
                  | [potion of mutation]
   571 | D:1      | Gained mutation: You are robust. (+10% HP) [potion of
                  | mutation]
   571 | D:1      | Gained mutation: Your spells are a little easier to cast,
                  | but a little less powerful. [potion of mutation]
   571 | D:1      | Gained mutation: You passively map a small area around you.
                  | [potion of mutation]
   572 | D:1      | 572 ||| DROPPING scroll of poison.
   610 | D:2      | 610 ||| FLEEEEING.
   611 | D:2      | 611 ||| FLEEEEING.
   613 | D:2      | 613 ||| STAIRDANCE
   630 | D:2      | Reached XP level 3. HP: 23/23 MP: 4/4
   951 | D:2      | Noticed Robin
   953 | D:2      | Reached XP level 4. HP: 28/28 MP: 5/5
   958 | D:2      | Killed Robin
   959 | D:2      | Reached skill level 4 in Ranged Weapons
  1273 | D:2      | 1273 ||| UPGRADING to +0 helmet.
  1278 | D:2      | 1278 ||| DROPPING ring of wizardry.
  1279 | D:2      | 1279 ||| READING scroll labelled FUYSTR KUECA.
  1280 | D:2      | 1280 ||| READING scroll labelled HAATRO YRCHI.
  1281 | D:2      | 1281 ||| DRINKING 2 fizzy white potions.
  1282 | D:2      | 1282 ||| DROPPING potion of magic.
  1336 | D:3      | 1336 ||| DRINKING potion of curing.
  1336 | D:3      | 1336 ||| (to cure confusion)
  1357 | D:3      | Reached XP level 5. HP: 15/33 MP: 6/6
  1636 | D:3      | Found a radiant altar of Vehumet.
  1679 | D:3      | Noticed Grinder
  1693 | D:3      | Paralysed by Grinder for 5 turns
  1700 | D:3      | HP: 8/33 [Grinder (3)]
  1701 | D:3      | Paralysed by Grinder for 4 turns
  1703 | D:3      | HP: 3/33 [Grinder (4)]
  1704 | D:3      | HP: 1/33 [Grinder (1)]
  1711 | D:3      | HP: 3/33 [Grinder/nerve-wracking pain (1)]
  1714 | D:3      | Slain by Grinder

Levels and vault maps discovered:
D:1:      onia_arrival_pyramid, layout_loops_ring,
          chequers_serial_rivers_small_b
D:2:      layout_loops_ring, minmay_misc_feat_four_crosses, uniq_robin
D:3:      layout_loops_ring, lemuel_crystal_altar, lemuel_crystal_altar,
          uniq_grinder

Skill      XL: |  1  2  3  4 |
---------------+-------------+-----
Ranged Weapons | 3 4 |  4.8
Fighting       | 2 |  2.1
Dodging        | |  1.5
Spellcasting   | |  1.0
Hexes          | |  2.6

Action                     |  1- 3 |  4- 6 || total
---------------------------+-------+-------++-------
   Fire: Sling             |   136 |   111 ||   247
    Use: Scroll            |     2 |     2 ||     4
         Potion            |     2 |     2 ||     4
 Armour: Robe              |     7 |       ||     7
         Leather armour    |    14 |    21 ||    35
  Dodge: Dodged            |    48 |    34 ||    82

Table legend:
 A = Non-vault XP
 B = Vault XP
 C = Vault XP percentage of total XP
 D = Non-vault monster count
 E = Vault monster count
 F = Vault count percentage of total count
                 A         B        C        D         E       F
            +---------+---------+-------+---------+---------+-------
      Total |     155 |      30 |  16.2 |      52 |       9 |  14.8
            +---------+---------+-------+---------+---------+-------
        D:1 |      27 |       0 |   0.0 |      16 |       0 |   0.0
        D:2 |      56 |      30 |  34.9 |      24 |       9 |  27.3
        D:3 |      72 |       0 |   0.0 |      12 |       0 |   0.0
            +---------+---------+-------+---------+---------+-------
